[Event "DSAM Finale 2019"]
[Site "Magdeburg"]
[Date "2019.05.31"]
[Round "4.2"]
[White "Hesse, Henrik"]
[Black "Peist, Juergen"]
[Result "1-0"]
[ECO "A31"]
[WhiteElo "2166"]
[BlackElo "2290"]
[Annotator "ChessBase"]
[PlyCount "89"]
[EventDate "2019.05.30"]
[EventType "swiss"]
[EventCountry "GER"]
[SourceTitle "playchess.com"]
[Source "ChessBase"]
[SourceQuality "1"]
[TimeControl "40/5400+30:900+30"]

1. c4 b6 2. e4 Bb7 3. Nc3 c5 4. Nf3 e6 5. Be2 d6 6. d4 cxd4 7. Nxd4 Nf6 8. f3 Be7 9. O-O O-O 10. Be3 a6 11. Rc1 Nbd7 12. Qe1 Rc8 13. Qf2 Qc7 14. Rfd1 Qb8 15. b3 Bd8 16. Qg3 Kh8 17. Kh1 Bc7 18. Qh3 Rg8 19. g4 g5 20. Nc2 Rg6 21. Bd4 Kg7 22. Qg2 Rh8 23. Ne3 Kf8 24. Nf1 h5 25. gxh5 Rxh5 26. Bd3 Qa8 27. Ne2 g4 28. Nf4 Rg8 29. Nxh5 gxf3 30. Qd2 f2 31. Qh6+ Ke8 32. Ng7+ Ke7 33. Bxf6+ Nxf6 34. Ng3 Nxe4 35. Kg2 Nf6+ 36. Kf1 Bg2+ 37. Ke2 Qf3+ 38. Kd2 d5 39. N7f5+ exf5 40. Nxf5+ Ke8 41. Qxf6 Bf4+ 42. Kc2 Bg5 43. Re1+ fxe1=Q 44. Rxe1+ Kd7 45. Re7+ 1-0

[Event "DSAM Finale 2019"]
[Site "Magdeburg"]
[Date "2019.05.31"]
[Round "4.3"]
[White "Juergens, Bernhard"]
[Black "Ratzmann, Immo"]
[Result "1-0"]
[ECO "C00"]
[WhiteElo "2115"]
[BlackElo "2078"]
[Annotator "ChessBase"]
[PlyCount "29"]
[EventDate "2019.05.30"]
[EventType "swiss"]
[EventCountry "GER"]
[SourceTitle "playchess.com"]
[Source "ChessBase"]
[SourceQuality "1"]
[TimeControl "40/5400+30:900+30"]

1. e4 e6 2. d3 d5 3. Nd2 Nc6 4. Ngf3 Nf6 5. Qe2 dxe4 6. Nxe4 Be7 7. Bf4 b6 8. c3 Bb7 9. g3 O-O 10. Bg2 Qd7 11. O-O Rad8 12. d4 Qc8 13. Nxf6+ Bxf6 14. Rfe1 Qa8 15. Bxc7 1-0

[Event "DSAM Finale 2019"]
[Site "Magdeburg"]
[Date "2019.05.31"]
[Round "4.4"]
[White "Domnick, Michael"]
[Black "Boyko, Oleksiy"]
[Result "0-1"]
[ECO "E60"]
[WhiteElo "1867"]
[BlackElo "1861"]
[Annotator "NA"]
[PlyCount "114"]
[EventDate "2019.05.30"]
[EventType "swiss"]
[EventCountry "GER"]
[SourceTitle "playchess.com"]
[Source "ChessBase"]
[SourceQuality "1"]
[TimeControl "40/5400+30:900+30"]

1. d4 Nf6 2. Nf3 g6 3. g3 Bg7 4. c4 O-O 5. Bg2 d6 6. Nbd2 Nbd7 7. O-O e5 8. dxe5 dxe5 9. Qc2 Qe7 10. Ne4 Nxe4 11. Qxe4 Nc5 12. Qc2 Bf5 13. Qd2 Rad8 14. Qb4 Rfe8 15. Bg5 f6 16. Be3 Bf8 17. Bxc5 Qxc5 18. Qxb7 Rb8 19. Qa6 Re6 20. Qa4 Rxb2 21. Nh4 Bc2 22. Qd7 Qd6 23. Qc8 Re7 24. Bd5+ Kg7 25. Qa8 Qb6 26. Rfc1 Rd7 27. Nf3 Bc5 28. Qg8+ Kh6 29. e3 c6 30. Qe6 Bf5 31. Qxf6 cxd5 32. Qg5+ Kg7 33. Nxe5 Re7 34. Nf3 Rxe3 35. Nh4 Re1+ 36. Rxe1 Bxf2+ 37. Kh1 Be4+ 38. Rxe4 dxe4 39. Qe7+ Kh6 40. Qxe4 Qd4 41. Qf3 Qxc4 42. Qf8+ Kh5 43. Ng2 Qe4 44. g4+ Kxg4 45. Qc8+ Kh5 46. Qh3+ Kg5 47. Rd1 Rxa2 48. Qb3 Re2 49. Rd5+ Kh6 50. Qh3+ Kg7 51. Rd7+ Kf6 52. Rd6+ Kg5 53. Rd1 a5 54. Qxh7 Qf3 55. h4+ Kg4 56. Qxg6+ Kh3 57. Rf1 Re1 0-1

[Event "DSAM Finale 2019"]
[Site "Magdeburg"]
[Date "2019.05.31"]
[Round "4.5"]
[White "Heid, Michael"]
[Black "Huneck, Frank"]
[Result "1-0"]
[ECO "A45"]
[WhiteElo "1838"]
[BlackElo "1755"]
[Annotator "NA"]
[PlyCount "27"]
[EventDate "2019.05.30"]
[EventType "swiss"]
[EventCountry "GER"]
[SourceTitle "playchess.com"]
[Source "ChessBase"]
[SourceQuality "1"]
[TimeControl "40/5400+30:900+30"]

1. d4 Nf6 2. Bg5 Ne4 3. Bf4 c5 4. e3 Qb6 5. Nc3 Qa5 6. Nge2 b6 7. f3 cxd4 8. exd4 Nf6 9. Qd2 d5 10. Nc1 e6 11. Nb3 Qb4 12. a3 Qe7 13. Nb5 Na6 14. Nd6+ 1-0

[Event "DSAM Finale 2019"]
[Site "Magdeburg"]
[Date "2019.05.31"]
[Round "4.6"]
[White "Kort, Felix"]
[Black "Koretskyy, Davyd"]
[Result "1/2-1/2"]
[ECO "A86"]
[WhiteElo "1604"]
[BlackElo "1529"]
[Annotator "NA"]
[PlyCount "60"]
[EventDate "2019.05.30"]
[EventType "swiss"]
[EventCountry "GER"]
[SourceTitle "playchess.com"]
[Source "ChessBase"]
[SourceQuality "1"]
[TimeControl "40/5400+30:900+30"]

1. d4 f5 2. c4 Nf6 3. g3 g6 4. Bg2 Bg7 5. b3 d6 6. Bb2 Nbd7 7. Nh3 e5 8. d5 a5 9. Ng5 Nc5 10. Ne6 Nxe6 11. dxe6 Qe7 12. Nc3 Qxe6 13. Nb5 Qe7 14. a4 O-O 15. Qd2 Rd8 16. Bc3 c6 17. Bxa5 Rxa5 18. Qxa5 cxb5 19. Qxb5 e4 20. Rd1 Be6 21. O-O d5 22. Qb6 Ng4 23. f3 Nf6 24. fxe4 Nxe4 25. Bxe4 fxe4 26. cxd5 Bxd5 27. Qa5 Qg5 28. Rf4 e3 29. Rg4 Qf6 30. Rf4 Ra8 1/2-1/2

[Event "DSAM Finale 2019"]
[Site "Magdeburg"]
[Date "2019.06.01"]
[Round "5.1"]
[White "Hesse, Henrik"]
[Black "Koellner, Ruben Gideon"]
[Result "1/2-1/2"]
[ECO "E01"]
[WhiteElo "2166"]
[BlackElo "2290"]
[Annotator "ChessBase"]
[PlyCount "104"]
[EventDate "2019.05.30"]
[EventType "swiss"]
[EventCountry "GER"]
[SourceTitle "playchess.com"]
[Source "ChessBase"]
[SourceQuality "1"]
[TimeControl "40/5400+30:900+30"]

1. c4 Nf6 2. g3 e6 3. Bg2 d5 4. d4 Bb4+ 5. Bd2 Bd6 6. Nf3 c6 7. Qc2 Ne4 8. Nc3 Nxd2 9. Nxd2 f5 10. f3 f4 11. O-O-O O-O 12. Bh3 Na6 13. a3 Qf6 14. Kb1 Rb8 15. cxd5 exd5 16. Bxc8 Rbxc8 17. gxf4 Bxf4 18. Qd3 Nc7 19. e3 Bh6 20. f4 Rce8 21. Nf3 Qf5 22. Qxf5 Rxf5 23. Ne5 g5 24. fxg5 Bg7 25. e4 Rxg5 26. Rhg1 h6 27. exd5 Nxd5 28. Nxd5 cxd5 29. h4 Rxg1 30. Rxg1 Kh7 31. Rc1 Bxe5 32. dxe5 Kg6 33. Rc7 b6 34. Rxa7 Kf5 35. Kc2 Ke4 36. Rh7 Re6 37. Kd2 Rg6 38. e6 Rxe6 39. Rg7 h5 40. Rg5 Rf6 41. Ke2 Rh6 42. Kd2 b5 43. Ke2 Kd4 44. Rf5 Kc4 45. Rf4+ d4 46. Rf5 Rg6 47. b3+ Kxb3 48. Rxb5+ Kc4 49. Rxh5 Ra6 50. Rh8 Rxa3 51. Rc8+ Kd5 52. Rd8+ Ke5 1/2-1/2

[Event "DSAM Finale 2019"]
[Site "Magdeburg"]
[Date "2019.06.01"]
[Round "5.4"]
[White "Goeldenboog, Juergen"]
[Black "Domnick, Michael"]
[Result "1-0"]
[ECO "A52"]
[WhiteElo "1926"]
[BlackElo "1867"]
[Annotator "NA"]
[PlyCount "107"]
[EventDate "2019.05.30"]
[EventType "swiss"]
[EventCountry "GER"]
[SourceTitle "playchess.com"]
[Source "ChessBase"]
[SourceQuality "1"]
[TimeControl "40/5400+30:900+30"]

1. d4 Nf6 2. c4 e5 3. dxe5 Ng4 4. Nf3 Bc5 5. e3 Nc6 6. Be2 Ngxe5 7. O-O O-O 8. b3 {[%emt 0:03:28] A52: Budapest Gambit} (8. Nc3 Nxf3+ 9. Bxf3 Ne5 10. Be2 Re8 11. b3 a5 12. Na4 Bf8 13. Bb2 d6 14. Nc3 c6 15. Qd2 Qh4 16. f4 Ng4 17. Bxg4 Bxg4 18. e4 a4 19. Rae1 axb3 20. axb3 {1-0 (55) Giri,A (2782)-Mamedyarov,S (2801) chess.com INT 2018}) 8... Nxf3+ 9. Bxf3 Qf6 10. Ba3 Qxa1 11. Bxc5 d6 12. Qd2 Qf6 13. Ba3 Ne5 14. Be4 Qh4 $146 ({Predecessor:} 14... Ng4 15. f3 Nh6 {0-1 (48) Zach,T-Saez Coma,A (1906) Plzen 2012}) 15. f4 Ng4 16. h3 Nf6 17. Bf3 Re8 18. Nc3 Qg3 19. Ne2 Qg6 20. Kh2 Ne4 21. Bxe4 Qxe4 22. Rf3 $19 h5 23. Bb2 h4 24. Qc3 Qh7 25. f5 f6 26. Qd3 Qh6 27. Nf4 Bd7 28. Qd5+ Kh7 29. Qxb7 Bxf5 30. Nd5 Be4 31. Rf4 Bxd5 32. Qxd5 Rxe3 33. Rg4 Rae8 34. Qf5+ Kh8 35. Bc1 g5 36. Bxe3 Rxe3 37. Qc8+ Kh7 38. Qxc7+ Qg7 39. Qxd6 f5 40. Rd4 g4 41. hxg4 fxg4 42. Qd7 Re7 43. Qf5+ Qg6 44. Qxg6+ Kxg6 45. Rxg4+ Kh5 46. Rd4 Re2 47. c5 Rxa2 48. c6 h3 49. Kxh3 Rb2 50. b4 Rb3+ 51. g3 Rb1 52. Rd5+ Kg6 53. c7 Rh1+ 54. Kg4 1-0

[Event "DSAM Finale 2019"]
[Site "Magdeburg"]
[Date "2019.06.01"]
[Round "5.7"]
[White "Abed, Karim"]
[Black "Besou, Hussain"]
[Result "0-1"]
[ECO "E51"]
[WhiteElo "1408"]
[BlackElo "1789"]
[Annotator "NA"]
[PlyCount "48"]
[EventDate "2019.05.30"]
[EventType "swiss"]
[EventCountry "GER"]
[SourceTitle "playchess.com"]
[Source "ChessBase"]
[SourceQuality "1"]
[TimeControl "40/5400+30:900+30"]

1. d4 Nf6 2. c4 e6 3. Nc3 Bb4 4. Bd2 d5 5. e3 O-O 6. Nf3 Nbd7 7. cxd5 exd5 8. Qb3 Bxc3 9. bxc3 c6 10. a4 Re8 11. Bd3 Nf8 12. O-O Ng6 13. h3 Ne4 14. Bc1 Nh4 15. Be2 Qf6 16. Nxh4 Qxh4 17. Bf3 Ng5 18. Qd1 Re6 19. Bh5 Rh6 20. Bg4 Rg6 21. Kh2 Nxh3 22. Bxh3 Rxg2+ 23. Kxg2 Bxh3+ 24. Kh1 Bg4+ 0-1